 Dungeon Sprint DCSS version 0.21-a0-203-gb066a6e (webtiles) character file.

5506 KristoblXynda the Covert (level 10, -2/83 HPs)
             Began as a White Draconian Enchanter on Aug 19, 2017.
             Was a Priest of Nemelex Xobeh.
             Hit by an exploding tomahawk thrown by a merfolk (12 damage)
             ... in the Dungeon (Sprint VII: "The Pits").
             The game lasted 00:16:57 (2683 turns).

KristoblXynda the Covert (DrEn)                     Turns: 2683, Time: 00:16:58

Health: -2/83      AC:  5    Str: 11    XL:     10   Next: 42%
Magic:  4/17       EV: 17    Int: 18    God:    Nemelex Xobeh [***...]
Gold:   0          SH:  0    Dex: 12    Spells: 10/19 levels left

rFire    . . .     SeeInvis .   y - +2 rapier (elec)
rCold    + . .     Gourm    .   (no shield)
rNeg     . . .     Faith    .   (armour unavailable)
rPois    .         Spirit   .   (helmet restricted)
rElec    .         Reflect  .   B - +0 cloak
rCorr    .         Harm     .   (no gloves)
MR       .....     NoTele   +   C - +0 pair of boots
Stlth    +++++.....             (no amulet)
HPRegen  0.23/turn              (no ring)
MPRegen  0.15/turn              (no ring)

@: corroded
A: breathe frost, unfitting armour, cold resistance 1, cold-blooded, AC +7
a: Breathe Frost, Triple Draw, Renounce Religion


You were in the Dungeon.
You worshipped Nemelex Xobeh.
Nemelex Xobeh was most pleased with you.
You were not hungry.

You visited 1 branch

Inventory:

Hand Weapons
 s - a +2 dagger of venom
 y - a +2 rapier of electrocution (weapon)
Armour
 B - a +0 cloak (worn)
 C - a +0 pair of boots (worn)
Magical Staves
 q - an uncursed staff of energy
Jewellery
 v - a +3 ring of intelligence
 w - a +3 ring of protection
Scrolls
 k - 3 scrolls of remove curse
 l - 5 scrolls of amnesia
 m - a scroll of summoning
 p - 2 scrolls of vulnerability
Potions
 a - 2 potions of invisibility
 d - 5 potions of curing
 e - a potion of heal wounds
 g - 4 potions of magic
 h - 2 potions of berserk rage
 x - 2 potions of brilliance
 z - a potion of mutation
 A - a potion of might
Books
 b - a book of Maledictions

   Spells                             Type                      Level
   a - Corona                         Hexes                        1
   b - Ensorcelled Hibernation        Hexes/Ice                    2
   c - Confuse                        Hexes                        3
   d - Tukima's Dance                 Hexes                        3
   e - Dazzling Spray                 Conjuration/Hexes            3
Miscellaneous
 j - a legendary deck of escape {drawn: 3}
 r - a plain deck of summoning {drawn: 2}
 t - a plain deck of destruction
 u - a plain deck of destruction
Comestibles
 c - 8 bread rations
 n - 37 fruits
 o - 6 meat rations


   Skills:
 - Level 5.9 Fighting
 + Level 7.4 Short Blades
 - Level 9.1 Dodging
 + Level 12.7 Stealth
 - Level 5.1 Spellcasting
 + Level 11.7 Hexes
 - Level 8.0 Invocations
 - Level 7.7 Evocations


You had 10 spell levels left.
You knew the following spells:

 Your Spells              Type           Power        Failure   Level  Hunger
a - Corona                Hex            #####..      1%          1    None
b - Ensorcelled Hibernat  Hex/Ice        ####..       1%          2    #......
c - Confuse               Hex            #####...     1%          3    ##.....
d - Tukima's Dance        Hex            #####...     1%          3    ##.....


Dungeon Overview and Level Annotations

Branches:
Dungeon (1/1)

Altars:
Ashenzari
Cheibriados
Dithmenos
Elyvilon
Fedhas
Gozag
Hepliaklqana
Kikubaaqudgha
Makhleb
Nemelex Xobeh
Okawaru
Qazlal
Ru
Sif Muna
Trog
Uskayaw
Vehumet
Wu Jian
Xom
Yredelemnul
Zin
The Shining One
Beogh
Jiyva
Lugonu


Innate Abilities, Weirdness & Mutations

You can breathe waves of freezing cold.
You can buffet flying creatures when you breathe cold.
Your icy white scales are hard. (AC +7)
You cannot fit into any form of body armour.
Your flesh is cold resistant. (rC+)
You are cold-blooded and may be slowed by cold attacks.


Message History

Aim: an acid dragon (catching its breath, chance to defeat MR: 71%)
The acid dragon appears confused.
The acid dragon bites you but does no damage.
The acid dragon misses you.
The merfolk hits you from afar with a trident!!
* * * LOW HITPOINT WARNING * * *
A merfolk comes into view. It is wielding a trident.
You barely miss the acid dragon. The acid dragon misses you.
The acid dragon claws you but does no damage.
You barely miss the acid dragon.
The merfolk hits you from afar with a trident!
* * * LOW HITPOINT WARNING * * *
The merfolk closely misses you. The acid dragon barely misses you. x2
A wolf comes into view.
A spiny frog comes into view.
Okay, then.
The merfolk throws an exploding tomahawk.
The exploding tomahawk hits you!
You die...
Your body glows slightly and disappears.

)##.......##..........#.
.##.......##....).....'.
###...<...##..#####...## '#
.##.......##..)...#..... .
)##.......##..#...#.. .. .#
###.......##..#...#.#####..#
.###########..#####.}...#..#
############.[.))...#}..F..#
#....#...[##....@...#.mW#...W..
#....#..[.###'###...#m..# .....
'....'...)##)...'..m#'###...###
#....#..))##....#...m...h...#
#....#..))##....#...........'
#############################


You could see 2 merfolk.

Vanquished Creatures
  A vampire mage (D)
  An orc high priest (D)
  A flayed ghost (D)
  A deep troll (D)
  A deep elf mage (D)
  A spiny frog (D)
  A freezing wraith (D)
  A hellwing (D)
  A troll (D)
  A polar bear (D)
  A shadow (D)
  2 wyverns (D)
  A steam dragon (D)
  A warg (D)
  A floating eye (D)
  An orc warrior (D)
  A sky beast (D)
  3 wolves (D)
  A phantom (D)
  A centaur (D)
  2 ogres (D)
  A bullfrog (D)
  A small abomination (D)
  A hound (D)
  A quasit (D)
  A gnoll shaman (D)
  An iron imp (D)
  2 orc wizards (D)
  6 gnolls (D)
  An ufetubus (D)
  An ooze (D)
  2 worms (D)
  7 orcs (D)
  A bat (D)
  2 bat zombies (D)
  2 hobgoblins (D)
  2 rats (D)
57 creatures vanquished.

Vanquished Creatures (collateral kills)
  A sky beast (D)
1 creature vanquished.

Grand Total: 58 creatures vanquished

Notes
Turn   | Place    | Note
-------+----------+-------------------------------------------
     0 | D        | KristoblXynda the Draconian Enchanter began the quest for the Orb.
     0 | D        | Reached XP level 1. HP: 14/14 MP: 3/3
    25 | D        | Found a bloodstained altar of Trog.
    25 | D        | Found a deep blue altar of Sif Muna.
    25 | D        | Found a viscous altar of Jiyva.
    25 | D        | Found a hazy altar of Hepliaklqana.
    25 | D        | Found an opulent altar of Gozag.
    57 | D        | Found a glowing golden altar of the Shining One.
    57 | D        | Found a glowing silver altar of Zin.
    57 | D        | Found a basalt altar of Yredelemnul.
    57 | D        | Found a shimmering altar of Xom.
    57 | D        | Found an ornate altar of the Wu Jian Council.
    57 | D        | Found a sacrificial altar of Ru.
    57 | D        | Found a stormy altar of Qazlal.
    57 | D        | Found an iron altar of Okawaru.
    57 | D        | Found a sparkling altar of Nemelex Xobeh.
    57 | D        | Found a burning altar of Makhleb.
    57 | D        | Found a blossoming altar of Fedhas.
    57 | D        | Found a white marble altar of Elyvilon.
    57 | D        | Found a shadowy altar of Dithmenos.
    57 | D        | Found a snail-covered altar of Cheibriados.
    58 | D        | Found a radiant altar of Vehumet.
    58 | D        | Found a corrupted altar of Lugonu.
    58 | D        | Found a roughly hewn altar of Beogh.
    59 | D        | Found a hide-covered altar of Uskayaw.
    59 | D        | Found an ancient bone altar of Kikubaaqudgha.
    59 | D        | Found a shattered altar of Ashenzari.
    70 | D        | Became a worshipper of Nemelex Xobeh the Trickster
    82 | D        | Received a gift from Nemelex Xobeh
    84 | D        | Reached skill level 3 in Stealth
   102 | D        | Noticed a floating eye
   103 | D        | Paralysed by a floating eye for 4 turns
   111 | D        | Killed a floating eye
   111 | D        | Reached skill level 5 in Stealth
   111 | D        | Reached skill level 5 in Spellcasting
   111 | D        | Reached skill level 5 in Hexes
   111 | D        | Reached XP level 2. HP: 20/20 MP: 5/8
   111 | D        | Reached XP level 3. HP: 26/26 MP: 5/9
   111 | D        | Reached XP level 4. HP: 33/33 MP: 6/11
   157 | D        | Learned a level 2 spell: Ensorcelled Hibernation
   161 | D        | Learned a level 3 spell: Confuse
   165 | D        | Noticed a sky beast
   188 | D        | Killed a sky beast
   188 | D        | Reached skill level 6 in Stealth
   188 | D        | Reached XP level 5. HP: 10/38 MP: 9/12
   480 | D        | Reached * piety under Nemelex Xobeh
   481 | D        | Noticed a deep elf mage
   482 | D        | Noticed a centaur
   482 | D        | Noticed a phantom
   483 | D        | Noticed an ice beast
   487 | D        | Noticed a sky beast
   505 | D        | Reached skill level 7 in Stealth
   544 | D        | Killed a sky beast
   544 | D        | Reached XP level 6. HP: 33/45 MP: 4/13
   565 | D        | Reached skill level 5 in Invocations
   567 | D        | Reached skill level 5 in Short Blades
   572 | D        | Reached skill level 8 in Stealth
   595 | D        | Killed a deep elf mage
   595 | D        | Reached skill level 9 in Stealth
   595 | D        | Your scales start taking on an icy white colour.
   595 | D        | Reached XP level 7. HP: 39/50 MP: 2/14
   595 | D        | Gained mutation: Your flesh is cold resistant. (rC+) [White Draconian growth]
   602 | D        | Received a gift from Nemelex Xobeh
   825 | D        | Reached skill level 1 in Evocations
   827 | D        | Noticed a polar bear
   829 | D        | Killed a polar bear
   829 | D        | Reached skill level 5 in Dodging
   829 | D        | Reached XP level 8. HP: 57/57 MP: 15/15
   875 | D        | Reached skill level 10 in Stealth
  1035 | D        | Received a gift from Nemelex Xobeh
  1080 | D        | Learned a level 3 spell: Tukima's Dance
  1125 | D        | Reached ** piety under Nemelex Xobeh
  1135 | D        | Noticed a spiny frog
  1136 | D        | Noticed a deep troll
  1159 | D        | Killed a spiny frog
  1159 | D        | Reached skill level 5 in Evocations
  1193 | D        | Noticed a vampire mage
  1225 | D        | Killed a vampire mage
  1225 | D        | Reached skill level 11 in Stealth
  1225 | D        | Reached skill level 10 in Hexes
  1225 | D        | Reached XP level 9. HP: 16/62 MP: 8/16
  1473 | D        | Killed a deep troll
  1474 | D        | Received a gift from Nemelex Xobeh
  1581 | D        | Reached *** piety under Nemelex Xobeh
  1684 | D        | Received a gift from Nemelex Xobeh
  1684 | D        | Noticed a two-headed ogre
  1684 | D        | Noticed a flayed ghost
  1692 | D        | Noticed a freezing wraith
  1698 | D        | Noticed a hellwing
  1984 | D        | Killed a flayed ghost
  1984 | D        | Reached skill level 12 in Stealth
  1990 | D        | Reached XP level 10. HP: 57/80 MP: 9/17
  2099 | D        | Noticed an orc high priest
  2104 | D        | Noticed an orange demon
  2105 | D        | Noticed an orange demon
  2127 | D        | Killed an orc high priest
  2127 | D        | Reached skill level 5 in Fighting
  2664 | D        | Received a gift from Nemelex Xobeh
  2680 | D        | Noticed a spiny frog
  2683 | D        | Hit by an exploding tomahawk thrown by a merfolk

Vault maps used:
D:        pitsprint

Skill      XL: |  1  2  3  4  5  6  7  8  9 10 |
---------------+-------------------------------+-----
Stealth        | 5 6 7 9 11 12 | 12.7
Hexes          | 5 6 8 9 10 11 | 11.7
Spellcasting   | 5 |  5.1
Short Blades   | 3 4 5 7 |  7.4
Invocations    | 3 4 7 8 |  8.0
Dodging        | 4 5 7 8 9 |  9.1
Evocations     | 2 6 7 |  7.7
Fighting       | 4 5 |  5.9

Action                   |  1- 3 |  4- 6 |  7- 9 | 10-12 || total
-------------------------+-------+-------+-------+-------++-------
Melee: Dagger            |    15 |    73 |   189 |    28 ||   305
       Tailslap          |     1 |    12 |    27 |     8 ||    48
       Rapier            |       |       |       |    21 ||    21
 Cast: Ensorcelled Hiber |       |     5 |       |       ||     5
       Confuse           |       |     5 |    22 |    19 ||    46
       Corona            |       |       |     1 |       ||     1
 Abil: Breathe Frost     |       |       |     1 |       ||     1
Evoke: Deck              |       |     1 |     1 |     3 ||     5
  Use: Potion            |       |     6 |     5 |     2 ||    13
       Scroll            |       |       |     1 |       ||     1
 Stab: Sleeping          |     2 |     3 |     3 |       ||     8
       Confused          |       |     1 |    10 |     7 ||    18
       Distracted        |       |       |       |     1 ||     1
  Eat: Fruit             |       |       |     3 |       ||     3
       Chunk             |       |       |     2 |       ||     2
       Meat ration       |       |       |     1 |       ||     1
Armor: Skin              |     4 |    20 |    28 |    22 ||    74
Dodge: Dodged            |     9 |    25 |   108 |    74 ||   216
